 Dungeon Crawl Stone Soup version 0.19.1-1-g22dce08 (webtiles) character file.

386 pib the Shooter (level 6, 0/44 HPs)
             Began as a High Elf Hunter on Jan 11, 2017.
             Slain by a hound (1 damage)
             ... on level 5 of the Dungeon.
             The game lasted 00:17:39 (6274 turns).

pib the Shooter (High Elf Hunter)                   Turns: 6274, Time: 00:17:40

Health: 0/44       AC:  4    Str: 11    XL:     6   Next: 48%
Magic:  9/9        EV: 14    Int: 16    God:
Gold:   131        SH:  5    Dex: 17    Spells: 1 memorised, 7 levels left

rFire  . . .     SeeInvis .     e - +0 mace (holy)
rCold  . . .     Gourm    .     c - +0 leather armour
rNeg   . . .     Faith    .     (no shield)
rPois  .         Spirit   .     (no helmet)
rElec  .         Reflect  +     (no cloak)
rCorr  .         Harm     .     (no gloves)
MR     .....                    h - +0 pair of boots
Stlth  ++........               j - +5 amulet of reflection
                                (no ring)
                                (no ring)

@: no status effects
A: no striking features
a: no special abilities


You were on level 5 of the Dungeon.
You were not hungry.

You visited 1 branch of the dungeon, and saw 5 of its levels.

You collected 131 gold pieces.

Inventory:

Hand Weapons
 a - a +1 shortbow
 b - a +0 short sword
 e - a +0 mace of holy wrath (weapon)
 y - a cursed +0 hand axe
 A - a +0 spear
Missiles
 d - 13 needles of sleeping
 C - 3 arrows
Armour
 c - a +0 leather armour (worn)
 h - a +0 pair of boots (worn)
 m - a +0 shield
 o - a +0 buckler
 z - a +0 chain mail
Jewellery
 j - a +5 amulet of reflection (around neck)
 v - an uncursed ring of wizardry {unknown}
Scrolls
 q - a scroll of amnesia {unknown}
 D - a scroll of magic mapping {unknown}
Potions
 k - a potion of curing {unknown}
 n - a potion of agility {unknown}
 r - a potion of degeneration {unknown}
 t - a potion of lignification {unknown}
 u - a potion of heal wounds {unknown}
 w - a potion of berserk rage {unknown}
 x - 2 potions of mutation {unknown}
Books
 B - a book of Air

   Spells                             Type                      Level
   a - Shock                          Conjuration/Air              1
   b - Swiftness                      Charms/Air                   2
   c - Repel Missiles                 Charms/Air                   2
   d - Static Discharge               Conjuration/Air              3
   e - Lightning Bolt                 Conjuration/Air              5
Comestibles
 f - 4 bread rations
 g - a royal jelly
 i - a beef jerky
 l - 8 fruits
 s - a meat ration


   Skills:
 - Level 4.5 Fighting
 - Level 6.4 Bows
 - Level 4.1 Dodging
 - Level 1.1 Stealth
 + Level 1.5 Spellcasting
 - Level 1.0 Conjurations
 + Level 2.1 Air Magic


You had 7 spell levels left.
You knew the following spells:

 Your Spells              Type           Power        Failure   Level  Hunger
a - Shock                 Conj/Air       #...         14%         1    ##.....


Dungeon Overview and Level Annotations

Branches:
Dungeon (5/15)
 Temple: D:4-7

Altars:
Qazlal
Trog


Message History

* * * LOW HITPOINT WARNING * * *
The hound barely misses you. The hound closely misses you.
The hound barely misses you.
The hound's inner flame fades away.
The sky beast's inner flame fades away.
You block the hound's attack. The hound bites you but does no damage.
The sky beast flickers out of sight!
Deactivating autopickup; reactivate with Ctrl-A.
You block the hound's attack. The hound barely misses you. x2
The hound barely misses you. The hound bites you.
* * * LOW HITPOINT WARNING * * *
The hound bites you.
* * * LOW HITPOINT WARNING * * *
The hound misses you. You block the hound's attack. The hound bites you.
* * * LOW HITPOINT WARNING * * *
The hound bites you but does no damage. The hound barely misses you.
The hound bites you.
You die...

####.......
##.........#
...........
....?..... .
...(..... .. .
........# #... .
.......<# ##.....
+
.......h##...##..
.......{h@.......
........##.....?.
......... ..##...
..[.....# ### .
........#
........%
........? .......


You could see 2 hounds.

Vanquished Creatures
  A scorpion (D:3)
  A howler monkey (D:4)
  2 hounds (D:4)
  An orc priest (D:3)
  2 orc wizards (D:4)
  6 adders
  An ooze (D:4)
  3 worms
  4 leopard geckos
  3 orcs (D:4)
  8 bats
  4 giant cockroaches
  9 hobgoblins
  3 jackals (D:3)
  2 quokkas
  A ball python (D:2)
  9 frilled lizards
  12 goblins
  4 kobolds
  A leopard gecko skeleton (D:4)
  13 rats
90 creatures vanquished.

Notes
Turn   | Place    | Note
-------+----------+-------------------------------------------
     0 | D:1      | pib the High Elf Hunter began the quest for the Orb.
     0 | D:1      | Reached XP level 1. HP: 14/14 MP: 2/2
   127 | D:1      | Reached XP level 2. HP: 10/20 MP: 3/3
  1205 | D:2      | Reached XP level 3. HP: 9/25 MP: 4/4
  1754 | D:2      | Noticed a moth of wrath
  1757 | D:2      | Found a bloodstained altar of Trog.
  2471 | D:3      | Noticed a scorpion
  2740 | D:3      | Killed a scorpion
  2740 | D:3      | Reached XP level 4. HP: 22/33 MP: 5/5
  3078 | D:3      | Noticed an air elemental
  3081 | D:3      | Noticed an earth elemental
  3083 | D:3      | Found a stormy altar of Qazlal.
  3084 | D:3      | Noticed a fire elemental
  3084 | D:3      | Noticed a water elemental
  3233 | D:3      | Reached XP level 5. HP: 30/37 MP: 6/6
  3637 | D:3      | Noticed a sky beast
  4387 | D:4      | Reached skill level 6 in Bows
  4872 | D:4      | Learned a level 1 spell: Shock
  4966 | D:4      | Reached XP level 6. HP: 44/44 MP: 7/7
  4986 | D:4      | Reached skill level 1 in Air Magic
  5005 | D:4      | Reached skill level 1 in Spellcasting
  5423 | D:4      | Reached skill level 1 in Conjurations
  5624 | D:5      | Entered Level 5 of the Dungeon
  5626 | D:5      | Noticed a sky beast
  6270 | D:5      | HP: 2/44 [hound (4)]
  6274 | D:5      | Slain by a hound

Skill      XL: |  1  2  3  4  5  6 |
---------------+-------------------+-----
Dodging        | 3 4 |  4.1
Fighting       | 3 4 |  4.5
Bows           | 6 |  6.4
Air Magic      | 2 |  2.1
Spellcasting   | 1 |  1.5
Conjurations   | 1 |  1.0
Stealth        | |  1.1

Action                   |  1- 3 |  4- 6 || total
-------------------------+-------+-------++-------
Melee: Short sword       |   164 |    79 ||   243
       Spear             |       |    78 ||    78
       Mace              |       |     4 ||     4
 Fire: Shortbow          |    11 |    95 ||   106
  Use: Scroll            |     2 |     4 ||     6
 Stab: Sleeping          |     1 |     2 ||     3
  Eat: Chunk             |     5 |    12 ||    17
Armor: Leather armour    |    26 |    42 ||    68
       Chain mail        |       |    39 ||    39
Dodge: Dodged            |    85 |   130 ||   215
Block: Other             |     4 |    55 ||    59
       Buckler           |    39 |       ||    39
       Reflection        |     1 |       ||     1
